 Dungeon Crawl Stone Soup version 0.29.0-10-g45618ea6d2 (webtiles) character file.

Game seed: 10062758167801727075

18 0gre the Chiller (level 2, -2/18 (20) HPs)
             Began as a Gnoll Ice Elementalist on Sept 1, 2022.
             Slain by a necrophage (4 damage)
             ... on level 2 of the Dungeon.
             The game lasted 00:03:55 (1021 turns).

0gre the Chiller (Gnoll Ice Elementalist)           Turns: 1021, Time: 00:03:56

HP:   -2/18 (20)    AC:  3    Str:  7    XL:     2   Next: 66%
MP:   5/7           EV: 13    Int: 14    God:
Gold: 84            SH:  0    Dex: 12    Spells: 9/10 levels left

rFire   . . .      SeeInvis +   a - +0 war axe
rCold   . . .      Faith    .   (no shield)
rNeg    . . .      Spirit   .   l - +0 robe
rPois   .          Reflect  .   g - +0 helmet
rElec   .          Harm     .   (no cloak)
rCorr   .          Rampage  .   (no gloves)
Will    .....                   (no boots)
Stlth   ++........              (no amulet)
HPRegen 0.06/turn               k - ring of see invisible
MPRegen 0.10/turn               (no ring)

@: heavily drained
A: fangs 1, strong nose, distributed training
a: no special abilities


You were on level 2 of the Dungeon.
You visited 1 branch of the dungeon, and saw 2 of its levels.

You collected 84 gold pieces.

Inventory:

Hand Weapons
 a - a +0 war axe (weapon)
 c - a +0 trident
Missiles
 f - 2 poisoned darts (quivered)
Armour
 g - a +0 helmet (worn)
 l - a +0 robe (worn)
Jewellery
 k - a ring of see invisible (left hand)
Scrolls
 e - a scroll of amnesia {unknown}
 h - a scroll of teleportation {unknown}
Potions
 b - a potion of magic
 d - a potion of resistance {unknown}
 i - a potion of cancellation {unknown}
 j - a potion of might {unknown}


   Skills:
 + Level 0.5 Fighting
 + Level 0.5 Short Blades
 + Level 0.5 Long Blades
 + Level 0.5 Axes
 + Level 0.5 Maces & Flails
 + Level 0.5 Polearms
 + Level 0.5 Staves
 + Level 0.5 Ranged Weapons
 + Level 0.5 Throwing
 + Level 0.5 Armour
 + Level 4.5 Dodging
 + Level 4.1 Stealth
 + Level 0.5 Shields
 + Level 0.5 Unarmed Combat
 + Level 4.9 Spellcasting
 + Level 0.3 Conjurations
 + Level 0.3 Hexes
 + Level 0.3 Summonings
 + Level 0.3 Necromancy
 + Level 0.3 Translocations
 + Level 0.3 Transmutations
 + Level 0.3 Fire Magic
 + Level 7.0 Ice Magic
 + Level 0.3 Air Magic
 + Level 0.3 Earth Magic
 + Level 0.3 Poison Magic
 + Level 0.6 Invocations
 + Level 0.5 Evocations


You had 9 spell levels left.
You knew the following spells:

 Your Spells              Type           Power      Damage    Failure   Level
a - Freeze                Ice            92%        1d10      1%          1

Your spell library contained the following spells:

 Spells                   Type           Power      Damage    Failure   Level
 Frozen Ramparts          Ice            46%        1d7       3%          3
 Ozocubu's Armour         Ice            23%        N/A       3%          3
 Magic Dart               Conj           16%        1d3       16%         1
 Summon Small Mammal      Summ           16%        N/A       16%         1
 Searing Ray              Conj           8%         2d4       22%         2
 Hailstorm                Conj/Ice       13%        3d5       36%         4
 Call Canine Familiar     Summ           4%         N/A       41%         3
 Summon Guardian Golem    Hex/Summ       4%         N/A       41%         3
 Fulminant Prism          Conj/Hex       2%         3d6       83%         4


Dungeon Overview and Level Annotations

Branches:
Dungeon (2/15)

Altars:

Shops:
D:1 [


Innate Abilities, Weirdness & Mutations

You have very sharp teeth.
Your uncanny sense of smell can sniff out nearby items.
Your experience applies equally to all skills.


Message History

You completely miss the necrophage. The necrophage hits you.
You feel drained.
You barely miss the necrophage. Your bite misses the necrophage.
The necrophage barely misses you.
The necrophage hits you but does no damage.
You barely miss the necrophage.
You bite the necrophage, but do no damage.
The necrophage barely misses you.
You hit the necrophage.
The necrophage is lightly damaged.
The necrophage barely misses you.
Casting: Freeze (safe; 1% risk of failure)
Confirm with . or Enter, or press ? or * to list all spells.
Aiming: Freeze (safe; 1% risk of failure)
Press: ? - help, Shift-Dir - straight line, f/p - necrophage
Aim: a necrophage (lightly damaged)
You freeze the necrophage.
The necrophage resists.
The necrophage is moderately damaged.
The necrophage misses you.
You hit the necrophage.
You bite the necrophage, but do no damage.
The necrophage is moderately damaged.
The necrophage closely misses you. The necrophage hits you.
You feel drained.
You closely miss the necrophage.
You bite the necrophage, but do no damage.
The necrophage is moderately damaged.
The necrophage closely misses you.
Casting: Freeze (safe; 1% risk of failure)
Confirm with . or Enter, or press ? or * to list all spells.
Aiming: Freeze (safe; 1% risk of failure)
Press: ? - help, Shift-Dir - straight line, f/p - necrophage
Aim: a necrophage (moderately damaged)
You freeze the necrophage.
The necrophage resists.
The necrophage is heavily damaged.
The necrophage misses you.
You closely miss the necrophage.
The necrophage is heavily damaged.
The necrophage hits you.
* * * LOW HITPOINT WARNING * * *
The necrophage hits you.
You die...

.!...# #..#.# ∆ #.^#.#
#(.#.# #..# ##..#.# #....
...#.# #...# #n#.### #...#
#.@...# #...# ##..#.#
#...########.##.# ###
#..........#.##.#
†.####...##.#..#.##.####.#
#........†...............#
.................##.######
########.###.#.####.# #.#
#..... ..#


You could see a necrophage.

Vanquished Creatures
  2 ball pythons
  2 endoplasms (D:1)
  A giant cockroach (D:2)
  4 goblins (D:1)
  A quokka (D:1)
  2 bats
  A frilled lizard (D:1)
  2 kobolds (D:1)
  A rat (D:1)
16 creatures vanquished.

Vanquished Creatures (others)
  A fungus (D:1)
  A plant (D:1)
2 creatures vanquished.

Grand Total: 18 creatures vanquished

Notes
Turn   | Place    | Note
-------+----------+-------------------------------------------
     0 | D:1      | 0gre the Gnoll Ice Elementalist began the quest for the
                  | Orb.
     0 | D:1      | Reached XP level 1. HP: 13/13 MP: 6/6
   401 | D:1      | Reached XP level 2. HP: 19/19 MP: 7/7
   419 | D:1      | Found Vevvuc's Armour Shop.
   914 | D:1      | Found a faded altar of an unknown god.
  1011 | D:2      | Noticed a necrophage
  1021 | D:2      | Slain by a necrophage

Illustrated notes

Levels and vault maps discovered:
D:1:      evilmike_arrival_hilbert_curve, layout_basic,
          shapermc_ecumenical_altar_mp_ritualfount, serial_shops, shop_statue
D:2:      layout_loops_ring, uniq_robin

Action                   || total
-------------------------++-------
Melee: Trident           ||    34
       War axe           ||     7
       Bite              ||     4
Throw: Dart              ||     1
 Cast: Freeze            ||     4
 Stab: Sleeping          ||     4
Armor: Robe              ||     6
Dodge: Dodged            ||    30
